 Dungeon Crawl Stone Soup version 0.27-a0-1196-g3e9cee4cb2 (webtiles) character file.

Game seed: 6272977744132368043

179 lightspider the Skirmisher (level 5, -1/47 HPs)
             Began as a Hill Orc Fighter on May 28, 2021.
             Slain by Sigmund
             ... wielding a +0 scythe of venom
              (9 damage)
             ... on level 4 of the Dungeon.
             The game lasted 00:08:01 (3460 turns).

lightspider the Skirmisher (Hill Orc Fighter)       Turns: 3460, Time: 00:08:04

Health: -1/47      AC: 10    Str: 20    XL:     5   Next: 59%
Magic:  5/5        EV:  5    Int:  8    God:
Gold:   82         SH:  9    Dex: 10    Spells: 4/4 levels left

rFire    . . .     SeeInvis .   a - +1 long sword
rCold    . . .     Faith    .   c - +0 kite shield
rNeg     . . .     Spirit   .   l - +0 chain mail
rPois    .         Reflect  .   p - +0 helmet
rElec    .         Harm     .   (no cloak)
rCorr    .         Rampage  .   (no gloves)
Will     .....                  (no boots)
Stlth    ..........             (no amulet)
HPRegen  0.15/turn              (no ring)
MPRegen  0.09/turn              (no ring)

@: mighty, lethally poisoned (-1 -> -8)
A: no striking features
a: no special abilities


You were on level 4 of the Dungeon.
You visited 1 branch of the dungeon, and saw 4 of its levels.

You collected 82 gold pieces.

Inventory:

Hand Weapons
 a - a +1 long sword (weapon)
Missiles
 j - 23 arrows
 s - 6 atropa-tipped darts (quivered)
Armour
 b - a +0 scale mail
 c - a +0 kite shield (worn)
 l - a +0 chain mail (worn)
 p - a +0 helmet (worn)
Magical Staves
 o - a staff of earth
Jewellery
 r - a ring of magical power
Scrolls
 f - a scroll of torment
Potions
 n - a potion of degeneration {unknown}
 u - a potion of mutation {unknown}


   Skills:
 + Level 4.6 Fighting
 + Level 3.3 Long Blades
 + Level 4.3 Armour
 + Level 1.3 Dodging
 + Level 4.2 Shields


You had 4 spell levels left.
You didn't know any spells.
Your spell library contained the following spells:

 Spells                   Type           Power      Damage    Failure   Level
 Beastly Appendage        Tmut           0%         N/A       100%        1
 Passwall                 Tmut/Erth      0%         N/A       100%        2
 Ice Form                 Ice/Tmut       0%         N/A       100%        4
 Olgreb's Toxic Radiance  Pois           0%         N/A       100%        4
 Petrify                  Tmut/Erth      0%         N/A       100%        4
 Yara's Violent Unravell  Hex/Tmut       0%         3d3       100%        5


Dungeon Overview and Level Annotations

Branches:
Dungeon (4/15)             Temple (0/1) D:4

Altars:

Annotations:
D:4 Sigmund


Message History

Sigmund hits you from afar with a +0 scythe of venom.
* * * LOW HITPOINT WARNING * * *
You are poisoned.
You block the bullfrog skeleton's attack.
Sigmund completely misses you.
You hit the bullfrog skeleton.
The bullfrog skeleton is heavily damaged.
* * * LOW HITPOINT WARNING * * *
You feel very sick.
You block the bullfrog skeleton's attack.
Sigmund completely misses you. The bullfrog skeleton hits you.
* * * LOW HITPOINT WARNING * * *
You feel better.
You block the bullfrog skeleton's attack.
Sigmund barely misses you.
The bullfrog skeleton hits you but does no damage.
Sigmund casts a spell at you. You resist with some effort.
Sigmund casts a spell at you.
You are confused.
Found a club.
Sigmund points at himself and mumbles some strange words.
Sigmund flickers and vanishes!
Deactivating autopickup; reactivate with Ctrl-A.
You bump into the rock wall.
A puff of flame appears from out of thin air!
The puff of flame hits you but does no damage.
You bump into the rock wall.
You feel less confused. The bullfrog skeleton hits you.
* * * LOW HITPOINT WARNING * * *
Something hits you but does no damage.
You are poisoned.
You slash the bullfrog skeleton!
The bullfrog skeleton is severely damaged.
* * * LOW HITPOINT WARNING * * *
You feel very sick.
You block the bullfrog skeleton's attack.
Something hits you!
You die...

.# .# .# ##. #.###
#... .... #..# ..#
###..######..#
###.###.......Z@...#
........#..##...#.##
........#..#.###..#
...............#..#
.!.....##..#.#.#..#
..)....##.###...#.#
.......#.## #.##)#
........## #...#
##.#####.## .8.#


You could see a bullfrog skeleton.

Vanquished Creatures
  2 orc wizards (D:3)
  A hound skeleton (D:2)
  4 adders
  A worm (D:2)
  2 dart slugs
  6 orcs (D:3)
  6 endoplasms
  4 giant cockroaches
  7 goblins
  6 hobgoblins
  7 kobolds
  3 quokkas
  7 ball pythons
  5 bats
  2 frilled lizards
  2 rats
65 creatures vanquished.

Notes
Turn   | Place    | Note
-------+----------+-------------------------------------------
     0 | D:1      | lightspider the Hill Orc Fighter began the quest for the
                  | Orb.
     0 | D:1      | Reached XP level 1. HP: 19/19 MP: 1/1
   180 | D:1      | Reached XP level 2. HP: 27/27 MP: 2/2
   274 | D:1      | Found a faded altar of an unknown god.
   929 | D:1      | Reached XP level 3. HP: 33/33 MP: 3/3
  1298 | D:2      | Reached XP level 4. HP: 34/40 MP: 4/4
  2346 | D:3      | Reached skill level 1 in Dodging
  2346 | D:3      | Reached XP level 5. HP: 27/47 MP: 5/5
  2718 | D:3      | Identified the Grimoire of Shape Shifting and Poisoning
  3304 | D:4      | Noticed an ogre
  3325 | D:4      | Found a staircase to the Ecumenical Temple.
  3436 | D:4      | Noticed Sigmund
  3460 | D:4      | Slain by Sigmund

Illustrated notes

Levels and vault maps discovered:
D:1:      saegor_arrival_simple_d, layout_basic,
          hellmonk_ecumenical_altar_zigzags, minmay_cut_off
D:2:      layout_basic, chequers_decorated_corner
D:3:      layout_rooms
D:4:      layout_loops_ring, chequers_temple_overflow_statue_of_worship,
          minmay_temple_entry_statues_pillars, serial_shops,
          kennysheep_mini_moat, uniq_sigmund

Skill      XL: |  1  2  3  4 |
---------------+-------------+-----
Fighting       | 4 |  4.6
Long Blades    | 3 |  3.3
Armour         | 4 |  4.3
Dodging        | 1 |  1.3
Shields        | 4 |  4.2

Action                   |  1- 3 |  4- 6 || total
-------------------------+-------+-------++-------
Melee: Long sword        |    80 |   149 ||   229
  Use: Scroll            |       |     8 ||     8
       Potion            |       |     3 ||     3
Armor: Scale mail        |    26 |       ||    26
       Chain mail        |    14 |    87 ||   101
Dodge: Dodged            |    37 |    25 ||    62
Block: Kite shield       |    40 |    70 ||   110
       Rpst.: Long sword |    11 |     9 ||    20

Table legend: (Time is in decaauts)
 A = Elapsed time spent in this place.
 B = Non-inter-level travel time spent in this place.
 C = Inter-level travel time spent in this place.
 D = Time resting spent in this place.
 E = Time spent auto-exploring this place.
 F = Levels seen in this place.
 G = Mean time per level.
                   A        B        C        D        E       F      G
               +--------+--------+--------+--------+--------+-----+--------+
         Total |   3549 |   3503 |     46 |    723 |   2065 |   4 |  887.2 |
       Dungeon |   3549 |   3503 |     46 |    723 |   2065 |   4 |  887.2 |
               +--------+--------+--------+--------+--------+-----+--------+

Top non-repeatable levels by time:
     D:3: 1182 daAuts
     D:1: 1178 daAuts
     D:2: 1059 daAuts
     D:4: 128 daAuts
